 Dungeon Crawl Stone Soup version 0.29.0-11-gd7f09526c8 (webtiles) character file.

Game seed: 17833649373754682675

115 experimilk the Ruffian (level 5, -5/45 HPs)
             Began as a Ghoul Monk on Sept 4, 2022.
             Killed from afar by Grinder (12 damage)
             ... with a bolt of light
             ... on level 3 of the Dungeon.
             The game lasted 00:08:32 (2505 turns).

experimilk the Ruffian (Ghoul Monk)                 Turns: 2505, Time: 00:08:32

Health: -5/45      AC:  3    Str: 17    XL:     5   Next: 0%
Magic:  4/4        EV: 12    Int:  5    God:
Gold:   132        SH:  0    Dex: 11    Spells: 4/4 levels left

rFire   . . .      SeeInvis .   i - +7 dagger (venom)
rCold   + . .      Faith    .   (no shield)
rNeg    + + +      Spirit   .   a - +0 robe
rPois   ∞          Reflect  .   d - +0 helmet
rElec   .          Harm     .   (no cloak)
rCorr   .          Rampage  .   (no gloves)
Will    .....                   (no boots)
Stlth   ++........              (no amulet)
HPRegen 0.00/turn               (no ring)
MPRegen 0.09/turn               (no ring)

@: inhibited regen
A: claws 1, cold resistance 1, negative energy resistance 3, inhibited
regeneration, torment resistance 2, devour on kill
a: no special abilities


You were on level 3 of the Dungeon.
You visited 1 branch of the dungeon, and saw 3 of its levels.

You collected 132 gold pieces.

Inventory:

Hand Weapons
 i - a +7 dagger of venom (weapon)
Missiles
 e - 20 stones
 g - 6 javelins
 j - a poisoned dart (quivered)
Armour
 a - a +0 robe (worn)
 d - a +0 helmet (worn)
Scrolls
 c - a scroll of butterflies {unknown}
 k - a scroll of summoning {unknown}
 l - a scroll of teleportation {unknown}
Potions
 b - a potion of ambrosia
 f - a potion of heal wounds
 h - a potion of curing


   Skills:
 - Level 3.2 Fighting
 * Level 0.0 Short Blades
 + Level 1.0 Throwing
 - Level 2.6 Dodging
 + Level 2.8 Stealth
 - Level 5.5 Unarmed Combat


You had 4 spell levels left.
You didn't know any spells.
Your spell library contained the following spells:

 Spells                   Type           Power      Damage    Failure   Level
 Summon Small Mammal      Summ           0%         N/A       47%         1
 Call Canine Familiar     Summ           0%         N/A       85%         3
 Summon Guardian Golem    Hex/Summ       0%         N/A       85%         3
 Fireball                 Conj/Fire      0%         3d3       100%        5
 Starburst                Conj/Fire      0%         6d3       100%        6
 Ignition                 Fire           0%         3d3       100%        8


Dungeon Overview and Level Annotations

Branches:
Dungeon (3/15)

Altars:
Fedhas

Annotations:
D:3 Grinder


Innate Abilities, Weirdness & Mutations

You are immune to poison.
You have sharp fingernails.
Your flesh is cold resistant. (rC+)
You are immune to negative energy. (rN+++)
You do not regenerate when monsters are visible.
You are immune to unholy pain and torment.
You thrive by killing the living.


Message History

Grinder is moderately wounded.
Grinder hits you.
You hit Grinder but do no damage.
Grinder is moderately wounded.
Grinder blinks!
Grinder gestures at you. You resist with significant effort.
There is a large open door here.
Grinder barely misses you.
You closely miss Grinder. Your claw misses Grinder.
Grinder is moderately wounded.
Grinder gestures at you.
You suddenly lose the ability to move!
Grinder hits you but does no damage. Grinder gestures at you.
You resist with significant effort. Grinder barely misses you.
Grinder says, "Just stop there for a second..."
Grinder hits you.
You can move again.
You hit Grinder but do no damage. You claw Grinder!
Grinder is heavily wounded.
Grinder zaps a wand.
The bolt of light hits you!
You are confused.
You closely miss Grinder. Your claw misses Grinder.
Grinder is heavily wounded.
Grinder gestures at you.
You suddenly lose the ability to move!
Grinder hits you but does no damage.
You feel less confused.
Grinder zaps a wand.
The bolt of light hits you!
* * * LOW HITPOINT WARNING * * *
You can move again.
You hit Grinder.
Grinder is heavily wounded.
Grinder blinks!
You barely miss Grinder.
Grinder is heavily wounded.
Grinder zaps a wand.
The bolt of light hits you!
You die...

#..........######.#
#............>....#
#...........#######
##+#+##+###.# .##
#.# ....###'##
#######
#......##......#
+....5.''.(...(+
#....@.##...(..#
#..............#
+..............#
#..............#
+....###........+
##### ........#
......<.. ......


You could see Grinder.

Vanquished Creatures
  Jessica (D:3)
  5 adders
  A dart slug (D:1)
  A bat zombie (D:2)
  4 endoplasms
  A giant cockroach (D:2)
  4 goblins
  A hobgoblin (D:1)
  4 jackals (D:1)
  2 quokkas
  3 ball pythons
  5 bats
  A frilled lizard (D:1)
  4 kobolds
  A quokka zombie (D:2)
  5 rats
43 creatures vanquished.

Vanquished Creatures (others)
  A fungus (D:3)
1 creature vanquished.

Grand Total: 44 creatures vanquished

Notes
Turn   | Place    | Note
-------+----------+-------------------------------------------
     0 | D:1      | experimilk the Ghoul Monk began the quest for the Orb.
     0 | D:1      | Reached XP level 1. HP: 19/19 MP: 0/0
   328 | D:1      | Reached XP level 2. HP: 24/26 MP: 1/1
   423 | D:1      | You fall into a shaft and drop 1 floor!
   423 | D:2      | Found a blossoming altar of Fedhas.
   452 | D:2      | Reached skill level 4 in Unarmed Combat
  1039 | D:1      | Reached XP level 3. HP: 31/31 MP: 2/2
  1679 | D:2      | Reached skill level 5 in Unarmed Combat
  1821 | D:2      | Found a faded altar of an unknown god.
  1883 | D:2      | Reached XP level 4. HP: 38/38 MP: 3/3
  2426 | D:3      | Noticed Jessica
  2439 | D:3      | Killed Jessica
  2440 | D:3      | Reached skill level 1 in Throwing
  2466 | D:3      | Reached XP level 5. HP: 38/45 MP: 4/4
  2485 | D:3      | Noticed Grinder
  2494 | D:3      | Paralysed by Grinder for 5 turns
  2500 | D:3      | Paralysed by Grinder for 3 turns
  2505 | D:3      | Killed from afar by Grinder

Illustrated notes

Levels and vault maps discovered:
D:1:      sevenhm_arrival_forest_fort_large_2, layout_basic, serial_bayou_pond_d
D:2:      layout_loops_ring, hellmonk_ecumenical_altar_arch_garden,
          serial_undead, serial_undead_f, serial_undead_b, serial_undead_a,
          serial_undead_e, basic_altar, hex_tiny
D:3:      layout_basic, nicolae_overflow_ecumenical_swirl, trog_butcher_becter,
          uniq_jessica, uniq_crazy_yiuf_cottage, uniq_grinder

Skill      XL: |  1  2  3  4 |
---------------+-------------+-----
Unarmed Combat | 4 5 |  5.5
Throwing       | 1 |  1.0
Fighting       | |  3.2
Dodging        | |  2.6
Stealth        | |  2.8

Action                   |  1- 3 |  4- 6 || total
-------------------------+-------+-------++-------
Melee: Unarmed           |    75 |    39 ||   114
       Punch             |     4 |     4 ||     8
       Dagger            |       |     8 ||     8
Throw: Dart              |       |     7 ||     7
  Use: Scroll            |       |     3 ||     3
 Stab: Sleeping          |     6 |     2 ||     8
Armor: Robe              |     7 |    14 ||    21
Dodge: Dodged            |    43 |    45 ||    88
